 Dungeon Crawl Stone Soup version 0.30-b1-2-g02819fbbbe (webtiles) character file.

Game seed: 1744554790102703874

160 Borgoz the Slasher (level 5, 0/40 HPs)
             Began as a Human Gladiator on June 25, 2023.
             Succumbed to a scorpion's poison
             ... on level 4 of the Dungeon.
             The game lasted 00:02:09 (1210 turns).

Borgoz the Slasher (Human Gladiator)                Turns: 1210, Time: 00:02:10

Health: 0/40       AC:  6    Str: 16    XL:     5   Next: 69%
Magic:  5/5        EV: 13    Int:  8    God:
Gold:   176        SH:  0    Dex: 15    Spells: 4/4 levels left

rFire   . . .        a - +0 long sword
rCold   . . .        (no shield)
rNeg    . . .        b - +0 leather armour
rPois   .            c - +1 helmet
rElec   .            o - +0 cloak
rCorr   .            (no gloves)
SInv    .            (no boots)
Will    .....        (no amulet)
Stlth   +            (no ring)
HPRegen 0.26/turn    (no ring)
MPRegen 0.09/turn

%: no passive effects
@: lethally poisoned (0 -> -5), attractive
A: screaming 1
a: no special abilities


You were on level 4 of the Dungeon.
You visited 1 branch of the dungeon, and saw 3 of its levels.

You collected 176 gold pieces.

Inventory:

Hand Weapons
 a - a +0 long sword (weapon)
Missiles
 d - a throwing net (quivered)
 e - a javelin
Armour
 b - a +0 leather armour (worn)
 c - a +1 helmet (worn)
 o - a +0 cloak (worn)
Scrolls
 h - a scroll of enchant armour
 k - a scroll of enchant weapon {unknown}
 l - a scroll of noise {unknown}
Potions
 f - a potion of haste
 n - a potion of might


   Skills:
 + Level 2.9 Fighting
 * Level 4.3 Long Blades
 - Level 2.0 Throwing
 + Level 2.0 Armour
 + Level 3.7 Dodging


You had 4 spell levels left.
You didn't know any spells.
Your spell library was empty.

Dungeon Overview and Level Annotations

Branches:
Dungeon (2/15)

Altars:


Innate Abilities, Weirdness & Mutations

You occasionally shout uncontrollably at your foes.


Message History

You slash the scorpion!
The scorpion is severely wounded.
The scorpion stings you.
You are poisoned.
The scorpion poisons you!
You hit the scorpion but do no damage.
The scorpion is severely wounded.
You feel very sick. The scorpion closely misses you.
The scorpion stings you but does no damage.
You hit the scorpion.
The scorpion is almost dead.
You feel sick. The scorpion stings you.
* * * LOW HITPOINT WARNING * * *
You are lethally poisoned!
The scorpion poisons you!
Throw: 2 throwing nets
Press: ? - help, Q - select action, (/) - cycle Shift-Dir - straight line, f - scorpion
Aim: a scorpion (almost dead, 60% to hit)
You throw a throwing net. The throwing net hits the scorpion.
The scorpion is caught in the net!
The scorpion is almost dead.
* * * LOW HITPOINT WARNING * * *
You feel sick.
The scorpion struggles against the net.
Okay, then.
You hit the scorpion.
You kill the scorpion!
* * * LOW HITPOINT WARNING * * *
You feel very sick.
Your Armour skill increases to level 2!
It was a potion of attraction.
You feel attractive to monsters.
* * * LOW HITPOINT WARNING * * *
You feel sick. The endoplasm freezes you.
You are frozen.
* * * LOW HITPOINT WARNING * * *
It was a potion of mutation.
You feel extremely strange.
You feel the urge to shout.
You die...

..........# #.#####..
........... #.#......
...........####.#.###..
#.#.....##........# #).
#.#........#####>## #..
#.#...#.# #.# ###
#.#...#.# ####.####
#.##.##.#####.......#
##....J@....##.##.#.##
#.....#####.##.##.###
######.###.#####.##.##.#
#......##......#.##.####
#.###..##..#.#.......#
#..............#.##..#
#................###.#
#..........##.##...).#
#.#.#.#.##.##.##..##.#


You could see an endoplasm.

Vanquished Creatures
  A scorpion (D:4)
  A hound (D:4)
  A gnoll (D:1)
  2 dart slugs (D:1)
  An orc (D:4)
  2 ball pythons (D:1)
  4 endoplasms
  4 giant cockroaches
  6 goblins
  4 hobgoblins
  2 jackals (D:1)
  5 quokkas
  4 frilled lizards (D:1)
  8 kobolds
  3 rats (D:1)
48 creatures vanquished.

Vanquished Creatures (others)
  2 withered plants (D:1)
2 creatures vanquished.

Grand Total: 50 creatures vanquished

Notes
Turn   | Place    | Note
-------+----------+-------------------------------------------
     0 | D:1      | Borgoz the Human Gladiator began the quest for the Orb.
     0 | D:1      | Reached XP level 1. HP: 16/16 MP: 1/1
    74 | D:1      | Reached XP level 2. HP: 20/22 MP: 2/2
   122 | D:1      | Found a faded altar of an unknown god.
   137 | D:1      | Reached XP level 3. HP: 15/27 MP: 3/3
   257 | D:1      | Reached skill level 1 in Armour
   801 | D:2      | Reached XP level 4. HP: 31/34 MP: 4/4
   993 | D:2      | You fall into a shaft and drop 2 floors!
  1100 | D:4      | Reached skill level 4 in Long Blades
  1189 | D:4      | Noticed a scorpion
  1198 | D:4      | HP: 1/34 [poisoned by a scorpion]
  1202 | D:4      | Reached XP level 5. HP: 15/39 MP: 5/5
  1209 | D:4      | HP: 2/40 [poisoned by a scorpion]
  1210 | D:4      | Gained mutation: You occasionally shout uncontrollably at
                  | your foes. [potion of mutation]
  1210 | D:4      | Succumbed to a scorpion's poison

Illustrated notes

Levels and vault maps discovered:
D:1:      heliophobic_arrival_dark_side_of_the_moon, layout_rooms,
          ebering_ecumenical_altar_petrified, hangedman_abyss_or_decor_stabs
D:2:      layout_basic, dk_noncrumbling_4
D:4:      layout_loops_cross, minitemple, kennysheep_big_empty_room

Skill      XL: |  1  2  3  4  5 |
---------------+----------------+-----
Armour         | 1 2 |  2.0
Long Blades    | 4 |  4.3
Fighting       | |  2.9
Throwing       | |  2.0
Dodging        | |  3.7

Action                     |  1- 3 |  4- 6 || total
---------------------------+-------+-------++-------
  Melee: Long sword        |    85 |    48 ||   133
         Punch             |       |     1 ||     1
  Throw: Throwing net      |     1 |     1 ||     2
    Use: Scroll            |     3 |     2 ||     5
         Potion            |       |     4 ||     4
 Armour: Leather armour    |    26 |    20 ||    46
  Dodge: Dodged            |    54 |    35 ||    89
